 Dungeon Crawl Stone Soup version 0.32-a0-630-g46d191b (webtiles) character file.

Game seed: 7699989852873442795

4575 Dorkslayer the Chopper (level 10, -2/75 HPs)
             Began as a Human Fighter on Mar 6, 2024.
             Was an Initiate of Gozag.
             Slain by a komodo dragon (7 damage)
             ... on level 8 of the Dungeon.
             The game lasted 00:17:27 (4852 turns).

Dorkslayer the Chopper (Human Fighter)              Turns: 4852, Time: 00:17:28

Health: -2/75      AC: 16    Str: 20    XL:     10   Next: 41%
Magic:  10/10      EV:  8    Int:  8    God:    Gozag
Gold:   930        SH:  6    Dex: 20    Spells: 9/9 levels left

rFire   . . .        a - +0 war axe (freeze)
rCold   . . .        c - +0 buckler
rNeg    + . .        w - +0 plate armour
rPois   .            (helmet restricted)
rElec   +            f - +0 cloak
rCorr   .            l - +0 pair of gloves
SInv    .            e - +0 pair of boots
Will    .....        k - amulet of regeneration Stlth
                     m - +6 ring of dexterity
HPRegen 1.12/turn    t - ring of positive energy
MPRegen 0.12/turn

%: no passive effects
@: no status effects
A: explore regen, antennae 2, electricity resistance
a: Renounce Religion, Potion Petition, Call Merchant, Bribe Branch


You were on level 8 of the Dungeon.
You worshipped Gozag.
Gozag was pleased with you.
You visited 1 branch of the dungeon, and saw 8 of its levels.

You collected 964 gold pieces.
You spent 20 gold pieces at shops.
You paid 14 gold pieces to Gozag.

Inventory:

Hand Weapons
 a - a +0 war axe of freezing (weapon)
 i - the +10 spear of Exquisite Death {pain, ^Contam rElec MP+9}
   (You found it on level 2 of the Dungeon)

   rElec:     It insulates you from electricity.
   MP+9:      It affects your magic capacity (+9).
   ^Contam:   It causes magical contamination when unequipped.
 n - a +2 trident of draining
 q - the +5 hand axe "Awior" {freeze, rF+ rCorr Int+3 Dex-5}
   (You found it on level 3 of the Dungeon)

   Int+3:     It affects your intelligence (+3).
   Dex-5:     It affects your dexterity (-5).
   rF+:       It protects you from fire.
   rCorr:     It protects you from acid and corrosion.
Missiles
 h - 12 boomerangs (quivered)
 o - 6 javelins
 s - 2 darts of dispersal
Armour
 c - a +0 buckler (worn)
 e - a +0 pair of boots (worn)
 f - a +0 cloak (worn)
 l - a +0 pair of gloves (worn)
 w - a +0 plate armour (worn)
Jewellery
 k - an amulet of regeneration (around neck)
 m - a +6 ring of dexterity (left hand)
 t - a ring of positive energy (right hand)
Wands
 g - a wand of acid (2)
 r - a wand of mindburst (11)
 u - a wand of flame (15)
 v - a wand of paralysis (11)
Scrolls
 b - 2 scrolls of identify
 j - 4 scrolls of teleportation
Potions
 d - 3 potions of curing
 p - a potion of enlightenment {unknown}


   Skills:
 + Level 5.6 Fighting
 + Level 7.0(8.3) Axes
 * Level 6.6(8.1) Polearms
 + Level 2.2 Throwing
 + Level 6.2 Armour
 * Level 5.7 Dodging
 + Level 1.4 Stealth
 + Level 4.7 Shields
 * Level 4.2 Evocations


You had 9 spell levels left.
You didn't know any spells.
Your spell library contained the following spells:

 Spells                   Type           Power      Damage    Failure   Level
 Necrotise                Necr           0%         1d4       100%        1
 Summon Small Mammal      Summ           0%         N/A       100%        1
 Call Imp                 Summ           0%         N/A       100%        2
 Lesser Beckoning         Tloc           0%         N/A       100%        2
 Sublimation of Blood     Necr           0%         N/A       100%        2
 Call Canine Familiar     Summ           0%         N/A       100%        3
 Gell's Gravitas          Tloc           0%         N/A       100%        3
 Teleport Other           Tloc           0%         N/A       100%        3
 Vampiric Draining        Necr           0%         2d6       100%        3
 Cause Fear               Hex            0%         N/A       100%        4
 Martyr's Knell           Necr/Summ      0%         N/A       100%        4
 Summon Blazeheart Golem  Fire/Summ      0%         N/A       100%        4
 Vhi's Electric Charge    Tloc/Air       0%         N/A       100%        4
 Arcjolt                  Conj/Air       0%         1d10      100%        5
 Curse of Agony           Necr           0%         N/A       100%        5
 Fireball                 Conj/Fire      0%         3d3       100%        5
 Dispersal                Tloc           0%         N/A       100%        6
 Summon Hydra             Summ           0%         N/A       100%        7
 Maxwell's Capacitive Co  Air            0%         ∞         100%        8
 Dragon's Call            Summ           0%         N/A       100%        9


Dungeon Overview and Level Annotations

Branches:
Dungeon (8/15)             Temple (0/1) D:5
   Lair: D:8-11

Altars:
Ashenzari
Dithmenos
Elyvilon
Gozag
Makhleb
Qazlal
Ru
Sif Muna
Wu Jian
Zin

Shops:
D:2 *


Innate Abilities, Weirdness & Mutations

You regain HP and MP as you explore.
You have a pair of antennae on your head.
You are resistant to electric shocks. (rElec)


Message History

You hit the gnoll. You freeze the gnoll.
The gnoll is moderately wounded.
The gnoll hits you but does no damage.
You closely miss the gnoll.
The gnoll is moderately wounded.
The gnoll is no longer moving quickly.
The gnoll barely misses you.
You hit the gnoll. You freeze the gnoll.
You kill the gnoll!
You hit the gnoll but do no damage. The gnoll hits you but does no damage.
You slash the gnoll! You freeze the gnoll.
You kill the gnoll!
You now have 930 gold pieces (gained 21).
Items here: )))) [.
Okay, then.
You see here the +0 scale mail of Jucav {-Tele rF+ Int+4}.
A komodo dragon comes into view.
The komodo dragon hisses angrily.
The komodo dragon bites you!!
You slash the komodo dragon! You freeze the komodo dragon.
The komodo dragon is moderately wounded.
The komodo dragon bites you!!
You barely miss the komodo dragon.
The komodo dragon is moderately wounded.
The komodo dragon bites you!!
* * * LOW HITPOINT WARNING * * *
You hit the komodo dragon. You freeze the komodo dragon.
The komodo dragon is moderately wounded.
The komodo dragon bites you!
* * * LOW HITPOINT WARNING * * *
The komodo dragon barely misses you.
You hit the komodo dragon but do no damage.
The komodo dragon is moderately wounded.
You block the komodo dragon's attack.
Aiming: Paralyse
Press: ? - help, Shift-Dir - straight line, f - komodo dragon
Aim: a komodo dragon (moderately wounded, chance to affect: 41%)
The komodo dragon resists with some effort.
The komodo dragon bites you!
You die...
Your body crumbles into a pile of gold.

#.#
#.#.#......#.#####.###
#.# #
#.#.###....##......#
#.# # ##
############## #.# #.#
#.## #####
#..#######...####
##........###...###
########## ####@.#
##l...# #...... ####.#
#


You could see a komodo dragon.

Vanquished Creatures
  The ghost of Ray the Cudgeller, a novice OnWr (D:6)
  Pikel (D:7)
  Maurice (D:8)
  Jeremiah (D:6)
  A hornet (D:8)
  A steam dragon (D:8)
  An orc warrior (D:7)
  3 ice beasts
  3 black bears
  A centaur (D:7)
  A phantom (D:7)
  4 lemures (D:7)
  3 bullfrogs
  4 scorpions
  4 wights (D:7)
  6 killer bees (D:8)
  4 howler monkeys (D:7)
  2 orc priests (D:7)
  2 hounds
  A sleepcap (D:6)
  Crazy Yiuf (D:3)
  3 gnoll boudas
  5 iguanas
  Jessica (D:2)
  An orc wizard (D:5)
  8 adders
  13 gnolls
  A shadow imp (D:6)
  2 ufetubi (D:6)
  2 dart slugs
  A ribbon worm (D:3)
  16 orcs
  10 bats
  6 endoplasms
  2 giant cockroaches
  7 goblins
  5 hobgoblins
  9 kobolds
  3 quokkas
  9 ball pythons
  3 frilled lizards
  8 rats
161 creatures vanquished.

Vanquished Creatures (others)
  A sky beast (D:7)
1 creature vanquished.

Grand Total: 162 creatures vanquished

Notes
Turn   | Place    | Note
-------+----------+-------------------------------------------
     0 | D:1      | Dorkslayer the Human Fighter began the quest for the Orb.
     0 | D:1      | Reached XP level 1. HP: 18/18 MP: 1/1
    78 | D:1      | Reached XP level 2. HP: 24/24 MP: 2/2
   291 | D:1      | Reached XP level 3. HP: 29/29 MP: 3/3
   570 | D:2      | Reached skill level 3 in Axes
   585 | D:2      | Identified the +10 spear of Exquisite Death {pain, ^Contam
                  | rElec MP+9}
   594 | D:2      | Noticed Jessica
   617 | D:2      | Killed Jessica
   618 | D:2      | Reached skill level 1 in Dodging
   618 | D:2      | Reached XP level 4. HP: 20/35 MP: 4/4
  1118 | D:2      | Found Cumniq's General Store.
  1128 | D:2      | Bought a scroll of identify for 20 gold pieces
  1232 | D:3      | Reached skill level 1 in Polearms
  1551 | D:3      | Found a burning altar of Makhleb.
  1634 | D:3      | Identified the +5 hand axe "Awior" {freeze, rF+ rCorr Int+3
                  | Dex-5}
  1649 | D:3      | Found a shadowy altar of Dithmenos.
  1655 | D:3      | Found a glowing silver altar of Zin.
  1658 | D:3      | Found an opulent altar of Gozag.
  1659 | D:3      | Found a white marble altar of Elyvilon.
  1660 | D:3      | Found a shimmering blue altar of Sif Muna.
  1662 | D:3      | Found an ornate altar of the Wu Jian Council.
  1670 | D:3      | Became a worshipper of Gozag Ym Sagoz the Greedy
  1674 | D:3      | Reached XP level 5. HP: 41/41 MP: 5/5
  2000 | D:3      | Gained mutation: You are vulnerable to cold. (rC-)
                  | [mutagenic glow]
  2021 | D:3      | Found a runed translucent door.
  2022 | D:3      | Noticed Crazy Yiuf
  2028 | D:3      | Killed Crazy Yiuf
  2074 | D:3      | Lost mutation: You are vulnerable to cold. (rC-) [potion of
                  | mutation]
  2074 | D:3      | Gained mutation: You have a pair of small antennae on your
                  | head. [potion of mutation]
  2074 | D:3      | Gained mutation: You are resistant to electric shocks.
                  | (rElec) [potion of mutation]
  2074 | D:3      | Gained mutation: You have a pair of antennae on your head.
                  | [potion of mutation]
  2310 | D:4      | Reached XP level 6. HP: 48/48 MP: 6/6
  2648 | D:5      | Entered Level 5 of the Dungeon
  2658 | D:5      | Found a staircase to the Ecumenical Temple.
  2715 | D:5      | Noticed a black bear
  2726 | D:5      | Killed a black bear
  2736 | D:5      | Found a sacrificial altar of Ru.
  2745 | D:5      | Found a broken altar of Ashenzari.
  2755 | D:5      | Found a stormy altar of Qazlal.
  2924 | D:5      | Reached skill level 4 in Axes
  2924 | D:5      | Reached XP level 7. HP: 39/53 MP: 7/7
  3016 | D:6      | Noticed Jeremiah
  3037 | D:6      | Killed Jeremiah
  3038 | D:6      | Reached skill level 1 in Throwing
  3096 | D:6      | Reached XP level 8. HP: 56/60 MP: 8/8
  3110 | D:6      | Found a large runed translucent door.
  3142 | D:6      | Reached skill level 1 in Evocations
  3329 | D:6      | Found a large runed translucent door.
  3333 | D:6      | Noticed Ray's ghost (novice OnWr)
  3575 | D:6      | Killed Ray's ghost
  3576 | D:6      | Reached skill level 5 in Axes
  3576 | D:6      | Reached skill level 5 in Polearms
  3576 | D:6      | Reached skill level 5 in Armour
  3576 | D:6      | Reached XP level 9. HP: 17/66 MP: 9/9
  3854 | D:7      | Noticed Pikel
  3855 | D:7      | Paralysed by Pikel for 4 turns
  3874 | D:7      | Killed Pikel
  3875 | D:7      | Reached skill level 5 in Fighting
  3875 | D:7      | Reached skill level 6 in Axes
  3875 | D:7      | Reached skill level 5 in Dodging
  3882 | D:7      | Reached skill level 1 in Stealth
  4221 | D:8      | Reached XP level 10. HP: 74/74 MP: 10/10
  4284 | D:8      | Paralysed by a hornet for 1 turns
  4459 | D:8      | Noticed Maurice
  4463 | D:8      | Paralysed by something for 4 turns
  4472 | D:8      | Something stole the +5 hand axe "Awior" {freeze, rF+ rCorr
                  | Int+3 Dex-5}
  4473 | D:8      | Killed Maurice
  4474 | D:8      | Reached skill level 7 in Axes
  4779 | D:8      | Identified the +0 scale mail of Jucav {-Tele rF+ Int+4}
  4850 | D:8      | HP: 3/75 [komodo dragon (14)]
  4852 | D:8      | Slain by a komodo dragon

Illustrated notes

Levels and vault maps discovered:
D:1:      minmay_arrival_arboretum_small, layout_loops_ring
D:2:      layout_basic, serial_shops, nicolae_lakefront_shop, uniq_jessica
D:3:      layout_loops_ring, minitemple, lightli_temple_of_fire,
          uniq_crazy_yiuf_cottage
D:4:      layout_basic
D:5:      layout_rooms, gammafunk_temple_overflow_forgotten,
          minmay_temple_entry_arrows
D:6:      layout_rooms, ebering_ghost_disaster_area, st_stairs_6, uniq_jeremiah
D:7:      layout_rooms, uniq_pikel
D:8:      black_bear_nest_2, layout_loops_cross, erik_lair_dragon, uniq_maurice

Skill      XL: |  1  2  3  4  5  6  7  8  9 10 |
---------------+-------------------------------+-----
Axes           | 3 4 5 6 7 |  7.0
Dodging        | 1 2 3 4 5 |  5.7
Polearms       | 1 2 3 5 6 |  6.6
Armour         | 4 5 6 |  6.2
Fighting       | 4 5 |  5.6
Throwing       | 1 2 |  2.2
Evocations     | 2 3 4 |  4.2
Shields        | 4 |  4.7
Stealth        | 1 |  1.4

Action                     |  1- 3 |  4- 6 |  7- 9 | 10-12 || total
---------------------------+-------+-------+-------+-------++-------
  Melee: War axe           |    93 |       |   107 |    95 ||   295
         Spear             |     5 |    57 |       |       ||    62
         Hand axe          |       |    63 |    13 |       ||    76
         Trident           |       |       |    77 |       ||    77
  Throw: Boomerang         |       |     4 |    17 |       ||    21
  Evoke: Wand              |       |       |    10 |     5 ||    15
    Use: Scroll            |       |     8 |     3 |       ||    11
         Potion            |       |     6 |     1 |     1 ||     8
   Stab: Distracted        |       |       |     3 |     1 ||     4
 Armour: Scale mail        |    80 |    72 |    69 |       ||   221
         Chain mail        |       |       |   106 |       ||   106
         Plate armour      |       |       |     1 |   111 ||   112
  Dodge: Dodged            |    54 |    40 |   107 |    49 ||   250
  Block: Buckler           |    22 |    19 |    68 |    30 ||   139

Table legend: (Time is in decaauts)
 A = Elapsed time spent in this place.
 B = Non-inter-level travel time spent in this place.
 C = Inter-level travel time spent in this place.
 D = Time resting spent in this place.
 E = Time spent auto-exploring this place.
 F = Levels seen in this place.
 G = Mean time per level.
                   A        B        C        D        E       F      G
               +--------+--------+--------+--------+--------+-----+--------+
         Total |   4931 |   4931 |      0 |     77 |   2181 |   8 |  616.4 |
       Dungeon |   4931 |   4931 |      0 |     77 |   2181 |   8 |  616.4 |
               +--------+--------+--------+--------+--------+-----+--------+

Top non-repeatable levels by time:
     D:3: 867 daAuts
     D:2: 727 daAuts
     D:8: 720 daAuts
     D:6: 638 daAuts
     D:4: 550 daAuts
     D:1: 528 daAuts
     D:7: 525 daAuts
     D:5: 372 daAuts
